 Dungeon Crawl Stone Soup version 0.21.1-1-g345015fe64 (webtiles) character file.

3630 Norrik the Fighter (level 9, -6/90 HPs)
             Began as a Minotaur Monk on Mar 23, 2018.
             Was an Elder of Okawaru.
             Mangled by an orc wizard
             ... wielding a +0 dagger of electrocution
              (18 damage)
             ... on level 7 of the Dungeon.
             The game lasted 00:31:17 (8332 turns).

Norrik the Fighter (Minotaur Monk)                  Turns: 8332, Time: 00:31:18

Health: -6/90      AC: 15    Str: 19    XL:     9   Next: 87%
Magic:  6/8        EV:  9    Int:  7    God:    Okawaru [****..]
Gold:   503        SH:  0    Dex: 13    Spells: 8/8 levels left

rFire    + . .     SeeInvis .   y - +1 spear (flame)
rCold    . . .     Gourm    .   (no shield)
rNeg     . . .     Faith    .   C - +0 plate armour
rPois    .         Spirit   .   (helmet restricted)
rElec    .         Reflect  .   (no cloak)
rCorr    .         Harm     .   (no gloves)
MR       .....                  x - +0 pair of boots
Stlth    ..........             (no amulet)
HPRegen  0.25/turn              B - ring of protection from fire
MPRegen  0.11/turn              (no ring)

@: heroism, hasted, very quick
A: retaliatory headbutt, horns 2
a: Heroism, Renounce Religion


You were on level 7 of the Dungeon.
You worshipped Okawaru.
Okawaru was greatly pleased with you.
You were near starving.

You visited 2 branches of the dungeon, and saw 8 of its levels.

You collected 503 gold pieces.

Inventory:

Hand Weapons
 d - a +0 trident
 y - a +1 spear of flaming (weapon)
Missiles
 f - 310 stones (quivered)
 g - 62 arrows
Armour
 x - a +0 pair of boots (worn)
 C - a +0 plate armour (worn)
Jewellery
 e - a +4 amulet of reflection {unknown}
 B - a ring of protection from fire (left hand)
Wands
 o - a wand of paralysis (11)
 q - a wand of polymorph (7)
Scrolls
 h - 3 scrolls of remove curse
 i - a scroll of fog {unknown}
 l - 3 scrolls of teleportation {unknown}
 n - 2 scrolls of amnesia {unknown}
 r - a scroll of enchant weapon {unknown}
 s - a scroll of immolation {unknown}
 t - 2 scrolls of magic mapping {unknown}
 u - a scroll of torment {unknown}
 A - a scroll of random uselessness {unknown}
Potions
 k - 2 potions of might
 m - a potion of agility
 p - 3 potions of mutation
 v - 2 potions of cancellation
 w - a potion of resistance
 z - a potion of magic {unknown}
 D - a potion of brilliance {unknown}
 E - a potion of curing {unknown}
Books
 b - a book of Changes

   Spells                             Type                      Level
   a - Beastly Appendage              Transmutation                1
   b - Sticks to Snakes               Transmutation                2
   c - Spider Form                    Transmutation/Poison         3
   d - Ice Form                       Ice/Transmutation            4
   e - Blade Hands                    Transmutation                5
Comestibles
 c - 14 rations


   Skills:
 - Level 12.0(17.0) Fighting
 - Level 12.0(17.0) Polearms
 + Level 3.3(8.3) Armour
 - Level 3.2(8.2) Dodging
 - Level 1.5(6.5) Stealth


You had 8 spell levels left.
You didn't know any spells.

Dungeon Overview and Level Annotations

Branches:
Dungeon (7/15)             Temple (1/1) D:6

Altars:
Ashenzari
Cheibriados
Dithmenos
Elyvilon
Fedhas
Gozag
Hepliaklqana
Kikubaaqudgha
Makhleb
Nemelex Xobeh
Okawaru
Qazlal
Ru
Sif Muna
Trog
Uskayaw
Vehumet
Wu Jian
Xom
Yredelemnul
Zin
The Shining One

Annotations:
D:7 exclusion: statue


Innate Abilities, Weirdness & Mutations

You reflexively headbutt those who attack you in melee.
You have a pair of horns on your head.


Message History

The puff of flame hits you!
You hit the orc warrior but do no damage.
The orc warrior is heavily wounded.
You hear some strange, mumbled words.
A puff of flame appears from out of thin air!
The puff of flame misses you.
The orc warrior hits you but does no damage.
You hit the orc warrior. You burn the orc warrior.
Your headbutt misses the orc warrior.
The orc warrior is severely wounded.
You hear some strange, mumbled words.
A puff of frost appears from out of thin air!
The puff of frost hits you!
* * * LOW HITPOINT WARNING * * *
You feel yourself speed up.
You feel sick.
You are no longer poisoned.
The hungry ghost hits you.
You are near starving!
Something hits you but does no damage.
You are electrocuted!
You die...

###.###..##.........
#.....##..#.........
#####.#####...........
#.........##.###.#....
######.######.###.####.
#...........#.#...####.
######.######.......###
#...........#.......###
######@######.......#..
########...Wo....##.......#..
##.....######.#####........#..
#)......###.....##..#......+..
####......####.###..##......#..
##..####....#.....#.#.#......#..
##W..#.[###..#.#.#.#...#.........
o..#o..#.W...o.#.#.#...#.........
##...#..###..#.#.#.#...#.........


You could see a hungry ghost and an orc warrior.

Vanquished Creatures
  The ghost of Norrik the Fighter, an amateur MiMo (D:5)
  Prince Ribbit (D:6)
  2 hippogriffs (D:7)
  A yak (D:7)
  A hungry ghost (D:7)
  The ghost of Fuxmar the Magician, an amateur HuWz (D:4)
  Edmund (D:6)
  An orc warrior (D:6)
  An ice beast (D:7)
  A sky beast (D:7)
  A hornet zombie (D:7)
  3 phantoms
  2 ogres (D:7)
  A centaur (D:6)
  5 bullfrogs
  3 scorpions
  3 crimson imps (D:7)
  2 hounds (D:7)
  3 jellies (D:7)
  A centaur skeleton (D:5)
  An orc priest (D:3)
  A gnoll shaman (D:5)
  6 orc wizards
  An iguana (D:7)
  3 worker ants (D:4)
  A hound zombie (D:6)
  3 hound skeletons
  A worker ant zombie (D:7)
  7 adders
  7 gnolls
  2 howler monkey skeletons
  A shadow imp (D:7)
  An ooze (D:4)
  2 adder zombies (D:3)
  An adder skeleton (D:6)
  5 worms
  5 dart slugs
  6 leopard geckos
  14 orcs
  7 bats
  5 giant cockroaches
  9 goblins
  11 hobgoblins
  10 jackals
  4 quokkas
  2 frilled lizards
  2 jackal skeletons
  12 kobolds
  6 rats
171 creatures vanquished.

Notes
Turn   | Place    | Note
-------+----------+-------------------------------------------
     0 | D:1      | Norrik the Minotaur Monk began the quest for the Orb.
     0 | D:1      | Reached XP level 1. HP: 19/19 MP: 0/0
   126 | D:1      | Reached XP level 2. HP: 25/28 MP: 1/1
   317 | D:1      | Found a sparkling altar of Nemelex Xobeh.
   355 | D:1      | Reached skill level 5 in Fighting
   386 | D:1      | Reached XP level 3. HP: 29/36 MP: 2/2
   699 | D:2      | Found a shadowy altar of Dithmenos.
   835 | D:2      | Found a shimmering altar of Xom.
   950 | D:2      | Reached XP level 4. HP: 16/44 MP: 3/3
  2010 | D:3      | Reached XP level 5. HP: 28/52 MP: 4/4
  2325 | D:3      | Found a blossoming altar of Fedhas.
  2332 | D:3      | Found a stormy altar of Qazlal.
  2400 | D:3      | Found an opulent altar of Gozag.
  2684 | D:3      | Reached XP level 6. HP: 61/61 MP: 5/5
  3138 | D:4      | Found a hazy altar of Hepliaklqana.
  3250 | D:4      | Reached XP level 7. HP: 40/70 MP: 6/6
  3525 | D:4      | Reached skill level 10 in Fighting
  3641 | D:4      | Noticed Fuxmar's ghost (amateur HuWz)
  3665 | D:4      | Killed Fuxmar's ghost
  4635 | D:5      | Entered Level 5 of the Dungeon
  4920 | D:5      | Noticed Norrik's ghost (amateur MiMo)
  4936 | D:5      | Killed Norrik's ghost
  4936 | D:5      | Reached XP level 8. HP: 82/82 MP: 7/7
  5201 | D:5      | Paralysed by fainting for 11 turns
  5512 | D:5      | Found a burning altar of Makhleb.
  5652 | D:5      | Found a deep blue altar of Sif Muna.
  5802 | D:6      | Found a staircase to the Ecumenical Temple.
  5808 | Temple   | Entered the Ecumenical Temple
  5833 | Temple   | Became a worshipper of Warmaster Okawaru
  5833 | Temple   | Reached * piety under Okawaru
  5833 | Temple   | Reached ** piety under Okawaru
  6175 | D:6      | Reached skill level 5 in Polearms
  6596 | D:6      | Noticed Prince Ribbit
  6612 | D:6      | Killed Prince Ribbit
  6641 | D:6      | Found an ornate altar of the Wu Jian Council.
  6659 | D:6      | Noticed Edmund
  6673 | D:6      | Killed Edmund
  6710 | D:6      | Got a bloodstained leather armour
  6718 | D:6      | Identified the +1 leather armour "Humpeoqo" {Dex-4 SInv Stlth+} (You found it on level 6 of the Dungeon)
  6965 | D:7      | Reached *** piety under Okawaru
  6965 | D:7      | Reached XP level 9. HP: 63/90 MP: 8/8
  7001 | D:7      | Found a radiant altar of Vehumet.
  7172 | D:7      | Reached skill level 10 in Polearms
  7402 | D:7      | Found a sacrificial altar of Ru.
  7402 | D:7      | Found a shattered altar of Ashenzari.
  7700 | D:7      | Found a glowing silver altar of Zin.
  8049 | D:7      | Reached **** piety under Okawaru
  8254 | D:7      | Reached skill level 1 in Armour
  8332 | D:7      | Mangled by an orc wizard

Skill      XL: |  1  2  3  4  5  6  7  8  9 |
---------------+----------------------------+-----
Fighting       | 4 5 6 7 8 9 11 12 | 12.0
Polearms       | 8 12 | 12.0
Armour         | 3 |  3.3
Dodging        | |  3.2
Stealth        | |  1.5

Action                   |  1- 3 |  4- 6 |  7- 9 || total
-------------------------+-------+-------+-------++-------
Melee: Spear             |   130 |   253 |   426 ||   809
       Headbutt          |    15 |    32 |    76 ||   123
Throw: Stone             |       |    11 |    11 ||    22
Invok: Heroism           |       |       |     8 ||     8
  Use: Scroll            |       |     4 |     5 ||     9
       Potion            |       |       |     2 ||     2
 Stab: Sleeping          |     2 |       |     1 ||     3
       Distracted        |       |       |     1 ||     1
  Eat: Chunk             |       |     8 |    10 ||    18
       Ration            |       |       |     2 ||     2
Armor: Ring mail         |    25 |    51 |    32 ||   108
       Plate armour      |       |       |    93 ||    93
Dodge: Dodged            |    52 |   100 |   113 ||   265
